 Dungeon Crawl Stone Soup version 0.31-a0-744-gbc345e7fcb (webtiles) character file.

Game seed: 9991593831349250214

467 senseless the Ducker (level 7, 0/55 HPs)
             Began as a Merfolk Gladiator on Sept 13, 2023.
             Slain by a steam dragon (8 damage)
             ... on level 4 of the Dungeon.
             The game lasted 00:06:44 (2772 turns).

senseless the Ducker (Merfolk Gladiator)            Turns: 2772, Time: 00:06:45

Health: 0/55       AC:  4    Str: 14    XL:     7   Next: 8%
Magic:  7/7        EV: 15    Int:  7    God:
Gold:   94         SH:  0    Dex: 18    Spells: 6/6 levels left

rFire   . . .        i - +1 dagger (speed)
rCold   . . .        (no shield)
rNeg    . . .        b - +0 leather armour
rPois   .            c - +0 helmet
rElec   .            (no cloak)
rCorr   .            (no gloves)
SInv    .            (no boots)
Will    .....        (no amulet)
Stlth   +++          (no ring)
HPRegen 0.29/turn    (no ring)
MPRegen 0.10/turn

%: no passive effects
@: no status effects
A: (nimble swimmer 2), mertail
a: no special abilities


You were on level 4 of the Dungeon.
You visited 1 branch of the dungeon, and saw 4 of its levels.

You collected 166 gold pieces.
You spent 72 gold pieces at shops.

Inventory:

Hand Weapons
 i - a +1 dagger of speed (weapon)
 m - a +0 dagger of draining
 n - a +1 dagger of venom
Missiles
 e - a javelin
Armour
 b - a +0 leather armour (worn)
 c - a +0 helmet (worn)
Scrolls
 a - a scroll of fog {unknown}
 g - 2 scrolls of immolation
 h - a scroll of enchant armour {unknown}
 o - a scroll of blinking {unknown}
Potions
 f - a potion of degeneration {unknown}
 j - a potion of enlightenment {unknown}
 k - a potion of lignification {unknown}
 l - a potion of heal wounds {unknown}
 p - a potion of attraction {unknown}


   Skills:
 + Level 4.4 Fighting
 + Level 5.5 Short Blades
 - Level 2.0 Throwing
 + Level 6.1 Dodging
 + Level 4.0 Stealth


You had 6 spell levels left.
You didn't know any spells.
Your spell library contained the following spells:

 Spells                   Type           Power      Damage    Failure   Level
 Summon Small Mammal      Summ           0%         N/A       52%         1
 Call Canine Familiar     Summ           0%         N/A       87%         3
 Gell's Gravitas          Tloc           0%         N/A       87%         3
 Summon Guardian Golem    Hex/Summ       0%         N/A       87%         3
 Teleport Other           Tloc           0%         N/A       87%         3
 Dispersal                Tloc           0%         N/A       100%        6


Dungeon Overview and Level Annotations

Branches:
Dungeon (4/15)
 Temple: D:4-7

Altars:

Shops:
D:2 :   D:3 ?


Innate Abilities, Weirdness & Mutations

((You are very nimble when in or above water. (Stealth+, EV+, Speed+++)))
Your lower body shifts to a powerful aquatic tail in water.


Message History

You hit Natasha.
Natasha is almost dead.
Natasha claws you but does no damage.
You hit Natasha.
You kill Natasha!
Natasha growls in agony!
The cerulean imp disappears in a puff of smoke!
Your Stealth skill increases to level 4!
No target in view!
No target in view!
You see here the felid corpse of Natasha.
Found a stone staircase leading down.
p - a white potion You now have 94 gold pieces (gained 8).
A steam dragon comes into view.
The steam dragon hisses angrily.
The steam dragon closely misses you. x2
You throw a throwing net.
The throwing net closely misses the steam dragon.
The steam dragon breathes steam at you. The ball of steam hits you!
You hear an angry hiss.
You hear two shouts!
The steam dragon bites you. The steam dragon claws you.
You throw a throwing net.
The throwing net barely misses the steam dragon.
You are engulfed in a cloud of scalding steam.
The steam dragon breathes steam at you. The ball of steam hits you!!
* * * LOW HITPOINT WARNING * * *
You hear a shout!
The steam dragon completely misses you. The steam dragon misses you.
You hit the steam dragon but do no damage.
You barely miss the steam dragon. The steam dragon closely misses you.
The steam dragon completely misses you.
You hit the steam dragon.
The steam dragon is lightly wounded.
You hit the steam dragon but do no damage.
The steam dragon is lightly wounded.
The steam dragon bites you!
You die...

###########
#>.........
#..########
#..# #..##
#...###########
#.#...@........
#.#####D...##..
#.# #((..# #.#
###### #.# #.#
#.# #.# ####.##


You could see a steam dragon.

Vanquished Creatures
  Grinder (D:4)
  An orc priest (D:3)
  An iguana (D:4)
  An orc wizard (D:3)
  Natasha (D:4)
  10 adders
  A worm (D:2)
  2 dart slugs (D:2)
  7 orcs (D:3)
  3 bats
  4 endoplasms
  9 hobgoblins
  4 jackals (D:3)
  4 quokkas
  6 ball pythons
  2 frilled lizards
  3 goblins
  3 kobolds
  5 rats
68 creatures vanquished.

Vanquished Creatures (collateral kills)
  A goblin (D:2)
1 creature vanquished.

Grand Total: 69 creatures vanquished

Notes
Turn   | Place    | Note
-------+----------+-------------------------------------------
     0 | D:1      | senseless the Merfolk Gladiator began the quest for the
                  | Orb.
     0 | D:1      | Reached XP level 1. HP: 16/16 MP: 1/1
    28 | D:1      | You fall into a shaft and drop 1 floor!
    59 | D:1      | Reached XP level 2. HP: 4/23 MP: 2/2
    60 | D:1      | Reached skill level 1 in Stealth
   340 | D:1      | Reached XP level 3. HP: 24/28 MP: 3/3
   654 | D:2      | Found a faded altar of an unknown god.
   681 | D:2      | Reached XP level 4. HP: 31/34 MP: 4/4
  1110 | D:2      | Found Iwkeezesa's Vocational Training.
  1325 | D:3      | Found Peecam's Magic Scroll Emporium.
  1328 | D:3      | Bought a scroll of immolation for 48 gold pieces
  1328 | D:3      | Bought a scroll of identify for 24 gold pieces
  1344 | D:3      | Reached skill level 5 in Dodging
  1493 | D:3      | Reached XP level 5. HP: 15/41 MP: 5/5
  2369 | D:4      | Noticed Grinder
  2389 | D:4      | Paralysed by Grinder for 2 turns
  2394 | D:4      | Killed Grinder
  2395 | D:4      | Reached skill level 5 in Short Blades
  2395 | D:4      | Reached skill level 6 in Dodging
  2395 | D:4      | Reached XP level 6. HP: 17/48 MP: 6/6
  2593 | D:4      | Reached XP level 7. HP: 32/55 MP: 7/7
  2707 | D:4      | Noticed Natasha
  2722 | D:4      | Killed Natasha
  2761 | D:4      | Noticed a steam dragon
  2772 | D:4      | Slain by a steam dragon

Illustrated notes

Levels and vault maps discovered:
D:1:      dpeg_arrival_refuge, layout_rooms
D:2:      layout_rooms, ebering_ecumenical_altar_abandoned,
          nicolae_shop_vocational
D:3:      layout_basic, serial_shops, shop
D:4:      minmay_spotlight, layout_basic, minmay_temple_entry_butterflies,
          kennysheep_nondescript, minmay_tree_intersection, minmay_manual_mess,
          uniq_natasha, uniq_grinder

Skill      XL: |  1  2  3  4  5  6  7 |
---------------+----------------------+-----
Stealth        | 1 2 3 4 |  4.0
Short Blades   | 4 5 |  5.5
Fighting       | 3 4 |  4.4
Dodging        | 5 6 |  6.1
Throwing       | |  2.0

Action                     |  1- 3 |  4- 6 |  7- 9 || total
---------------------------+-------+-------+-------++-------
  Melee: Rapier            |    46 |       |       ||    46
         Dagger            |    77 |   310 |    16 ||   403
         Punch             |     1 |     3 |       ||     4
  Throw: Throwing net      |       |     4 |     2 ||     6
    Use: Scroll            |     5 |     3 |       ||     8
         Potion            |       |     1 |       ||     1
   Stab: Sleeping          |     1 |     5 |       ||     6
         Held in net/web   |       |     2 |       ||     2
 Armour: Leather armour    |    63 |    91 |    11 ||   165
  Dodge: Dodged            |    82 |   136 |    10 ||   228

Table legend: (Time is in decaauts)
 A = Elapsed time spent in this place.
 B = Non-inter-level travel time spent in this place.
 C = Inter-level travel time spent in this place.
 D = Time resting spent in this place.
 E = Time spent auto-exploring this place.
 F = Levels seen in this place.
 G = Mean time per level.
                   A        B        C        D        E       F      G
               +--------+--------+--------+--------+--------+-----+--------+
         Total |   2574 |   2553 |     21 |    238 |   1774 |   4 |  643.5 |
       Dungeon |   2574 |   2553 |     21 |    238 |   1774 |   4 |  643.5 |
               +--------+--------+--------+--------+--------+-----+--------+

Top non-repeatable levels by time:
     D:3: 972 daAuts
     D:2: 617 daAuts
     D:1: 524 daAuts
     D:4: 460 daAuts
